 Dungeon Crawl Stone Soup version 0.26-a0-491-g70697cc071 (webtiles) character file.

Game seed: 5500077896620713658

2542 KristoblXynda the Ruffian (level 9, -10/74 HPs)
             Began as a Troll Hedge Wizard on Aug 5, 2020.
             Was a Follower of Ashenzari.
             Killed by the air
             ... invoked by Gastronok
              (30 damage)
             ... on level 8 of the Dungeon.
             The game lasted 00:11:34 (5977 turns).

KristoblXynda the Ruffian (Troll Hedge Wizard)      Turns: 5977, Time: 00:11:35

Health: -10/74     AC:  6    Str: 20    XL:     9   Next: 30%
Magic:  11/11      EV: 12    Int: 19    God:    Ashenzari [*.....]
Gold:   364        SH:  0    Dex:  9    Spells: 9/12 levels left

rFire    . . .     SeeInvis .     - Unarmed
rCold    . . .     Faith    .   (no shield)
rNeg     . . .     Spirit   .   t - +0 robe (curse)
rPois    .         Reflect  .   c - +0 hat
rElec    .         Harm     .   (no cloak)
rCorr    .                      (gloves unavailable)
MR       +....                  (boots unavailable)
Stlth    +.........             i - amulet of regeneration (curse)
HPRegen  1.02/turn              m - +6 ring of intelligence
MPRegen  0.12/turn              h - ring of protection from magic

@: slowed, very slow
A: large, unfitting armour, claws 3, regeneration 1, shaggy fur 1, tough skin 3
a: Curse Item, Scrying, Renounce Religion


You were on level 8 of the Dungeon.
You worshipped Ashenzari.
Ashenzari was aware of your devotion.
You visited 2 branches of the dungeon, and saw 9 of its levels.

You collected 406 gold pieces.
You spent 42 gold pieces at shops.

Inventory:

Armour
 c - a +0 hat (worn)
 t - a cursed +0 robe (worn)
Jewellery
 e - an uncursed ring of positive energy
 f - an uncursed ring of flight
 h - a ring of protection from magic (right claw)
 i - a cursed amulet of regeneration (around neck)
 m - a +6 ring of intelligence (left claw)
Wands
 b - a wand of enslavement (2)
Scrolls
 a - a scroll of magic mapping
 d - 3 scrolls of teleportation
 g - 4 scrolls of remove curse
 j - a scroll of fog
 l - a scroll of fear
 o - 2 scrolls of amnesia
 p - a scroll of blinking
 r - a scroll of immolation {unknown}
 u - a scroll of identify
Potions
 k - a potion of flight
 n - a potion of ambrosia
 q - 2 potions of stabbing
 s - 2 potions of curing


   Skills:
 + Level 6.3 Dodging
 - Level 1.0 Stealth
 + Level 7.1 Unarmed Combat
 - Level 2.0 Spellcasting
 + Level 5.5 Conjurations
   Level 0.6 Summonings
   Level 0.6 Translocations


You had 9 spell levels left.
You knew the following spells:

 Your Spells              Type           Power        Failure   Level
b - Mephitic Cloud        Conj/Pois/Air  #.......     24%         3

Your spell library contained the following spells:

 Spells                   Type           Power        Failure   Level
 Magic Dart               Conj           ###.         1%          1
 Conjure Flame            Conj/Fire      ##......     16%         3
 Blink                    Tloc           N/A          21%         2
 Call Imp                 Summ           #.......     21%         2
 Slow                     Hex            #.......     26%         2


Dungeon Overview and Level Annotations

Branches:
Dungeon (8/15)             Temple (1/1) D:6
   Lair: D:8-11

Altars:
Ashenzari
Cheibriados
Dithmenos
Elyvilon
Fedhas
Gozag
Hepliaklqana
Kikubaaqudgha
Makhleb
Nemelex Xobeh
Okawaru
Qazlal
Ru
Sif Muna
Trog
Uskayaw
Vehumet
Wu Jian
Xom
Yredelemnul
Zin
The Shining One

Shops:
D:7 *   D:8 *

Annotations:
D:6 Prince Ribbit
D:8 Gastronok


Innate Abilities, Weirdness & Mutations

You are too large for most types of armour.
You have claws for hands.
Your natural rate of healing is unusually fast.
You are covered in fur. (AC +1)
You have extremely tough skin. (AC +3)


Message History

You claw Gastronok!
Gastronok is severely wounded.
The river rat twitches its whiskers.
Gastronok casts a spell at you.
You feel yourself slow down.
You claw Gastronok!
Gastronok is almost dead.
You scratch Gastronok.
Gastronok is almost dead.
The river rat bites you. Gastronok bites you!
* * * LOW HITPOINT WARNING * * *
The river rat completely misses you.
You claw Gastronok! You claw Gastronok, but do no damage.
Gastronok is almost dead.
The river rat bites you!
* * * LOW HITPOINT WARNING * * *
You feel better. The river rat misses you.
Gastronok waves his eye-stalks in wide circles.
The air twists around and strikes you!!
You die...

##### ###...## #.@..$.#
..... #r#w...### ....
#.#......# ...
#.######.# .. #.# #.# #.
#.# #.# #######.
#.######.###.......
#.####>.......w.w.......
#.............###r######


You could see Gastronok (swift) and a river rat (summoned).

Vanquished Creatures
  A wyvern (D:8)
  A steam dragon (D:8)
  An orc warrior (D:5)
  4 ice beasts
  A necrophage (D:7)
  2 ogres (D:7)
  A phantom (D:7)
  A centaur (D:5)
  A gnoll sergeant (D:7)
  A wyvern zombie (D:8)
  A bullfrog (D:7)
  A scorpion (D:6)
  5 wights (D:6)
  A bullfrog zombie (D:5)
  4 orc priests
  2 hounds
  A gnoll shaman (D:6)
  4 orc wizards
  An iguana (D:7)
  8 worker ants
  A worker ant zombie (D:5)
  Robin (D:4)
  16 gnolls
  2 adders
  A white imp (D:5)
  2 ufetubi (D:7)
  An ooze (D:7)
  3 worms (D:2)
  A dart slug (D:2)
  6 leopard geckos
  27 orcs
  9 bats
  7 giant cockroaches
  14 goblins
  6 hobgoblins
  7 jackals
  6 kobolds
  A quokka (D:7)
  A ball python (D:3)
  4 frilled lizards
  A quokka skeleton (D:5)
  9 rats
168 creatures vanquished.

Notes
Turn   | Place    | Note
-------+----------+-------------------------------------------
     0 | D:1      | KristoblXynda the Troll Hedge Wizard began the quest for
                  | the Orb.
     0 | D:1      | Reached XP level 1. HP: 16/16 MP: 2/2
   189 | D:1      | Reached skill level 1 in Conjurations
   215 | D:1      | Reached XP level 2. HP: 23/24 MP: 4/4
   309 | D:1      | Reached skill level 1 in Unarmed Combat
   864 | D:2      | Reached XP level 3. HP: 31/31 MP: 5/5
  1110 | D:2      | Found a faded altar of an unknown god.
  1527 | D:3      | Found a basalt altar of Yredelemnul.
  1827 | D:3      | Reached XP level 4. HP: 32/39 MP: 6/6
  1902 | D:3      | Reached skill level 2 in Unarmed Combat
  2374 | D:4      | Reached XP level 5. HP: 42/45 MP: 7/7
  2445 | D:4      | Learned a level 3 spell: Mephitic Cloud
  2466 | D:4      | Noticed Robin
  2512 | D:4      | Killed Robin
  2512 | D:4      | Reached skill level 3 in Unarmed Combat
  2610 | D:4      | Reached XP level 6. HP: 50/53 MP: 8/8
  2980 | D:5      | Entered Level 5 of the Dungeon
  3040 | D:5      | Noticed an orc warrior
  3070 | D:5      | Killed an orc warrior
  3088 | D:5      | Reached skill level 4 in Unarmed Combat
  3088 | D:5      | Reached XP level 7. HP: 53/59 MP: 9/9
  3198 | D:5      | Found a sacrificial altar of Ru.
  3333 | D:5      | Found an opulent altar of Gozag.
  3372 | D:5      | Found an iron altar of Okawaru.
  3376 | D:5      | Found a snail-covered altar of Cheibriados.
  3782 | D:6      | Noticed Prince Ribbit
  3788 | D:6      | Found a staircase to the Ecumenical Temple.
  3807 | Temple   | Entered the Ecumenical Temple
  3949 | Temple   | Became a worshipper of Ashenzari the Shackled
  4142 | D:6      | Reached skill level 5 in Unarmed Combat
  4157 | D:6      | Reached XP level 8. HP: 54/67 MP: 10/10
  4300 | D:6      | Found a white marble altar of Elyvilon.
  4569 | D:7      | Reached skill level 5 in Dodging
  4679 | D:7      | Found Mogam's General Store.
  4685 | D:7      | Bought a scroll of magic mapping for 42 gold pieces
  4842 | D:7      | Reached skill level 6 in Unarmed Combat
  5011 | D:7      | Found a sparkling altar of Nemelex Xobeh.
  5241 | D:7      | Reached skill level 5 in Conjurations
  5532 | D:7      | Reached XP level 9. HP: 74/74 MP: 11/11
  5821 | D:8      | Found Bofeedow's General Store.
  5870 | D:8      | Noticed Gastronok
  5876 | D:8      | Reached skill level 7 in Unarmed Combat
  5951 | D:8      | Reached * piety under Ashenzari
  5977 | D:8      | Killed from afar by Gastronok

Illustrated notes

Levels and vault maps discovered:
D:1:      lightli_arrival_windingriver, layout_basic
D:2:      layout_basic, chequers_ecumenical_altar_simple
D:3:      layout_loops_corners, lemuel_round_altar
D:4:      layout_rooms, uniq_robin
D:5:      layout_basic, grunt_temple_overflow_open,
          nicolae_ru_sacrificial_ziggurat
D:6:      layout_cave_pools, minmay_temple_entry_steel_oval, elyvilon_altar_3,
          uniq_prince_ribbit1
D:7:      layout_basic, serial_shops, nicolae_shop_statue_plus,
          nemelex_dance_club_becter
D:8:      layout_basic, serial_shops, nicolae_shop_crystal,
          kennysheep_mini_moat, shop_statue, okawaru_metal_pillars_1_2,
          uniq_grum, uniq_gastronok
Temple:   minmay_crystal_spiral_temple

Skill      XL: |  1  2  3  4  5  6  7  8  9 |
---------------+----------------------------+-----
Conjurations   | 1 2 3 4 5 |  5.5
Unarmed Combat | 1 2 3 4 5 6 7 |  7.1
Dodging        | 2 3 4 5 6 |  6.3
Stealth        | |  1.0
Spellcasting   | |  2.0
Summonings     | |  0.6
Translocations | |  0.6

Action                   |  1- 3 |  4- 6 |  7- 9 || total
-------------------------+-------+-------+-------++-------
Melee: Unarmed           |   146 |   202 |   344 ||   692
       Punch             |     1 |     1 |    11 ||    13
Invok: Curse Item        |       |       |     1 ||     1
  Use: Scroll            |     4 |     5 |     6 ||    15
       Potion            |       |     2 |     6 ||     8
 Stab: Sleeping          |     6 |       |     2 ||     8
Armor: Robe              |    93 |    78 |    75 ||   246
Dodge: Dodged            |    98 |   114 |   163 ||   375

Table legend: (Time is in decaauts)
 A = Elapsed time spent in this place.
 B = Non-inter-level travel time spent in this place.
 C = Inter-level travel time spent in this place.
 D = Time resting spent in this place.
 E = Time spent auto-exploring this place.
 F = Levels seen in this place.
 G = Mean time per level.
                   A        B        C        D        E       F      G
               +--------+--------+--------+--------+--------+-----+--------+
         Total |   5950 |   5783 |    167 |    498 |   3582 |   9 |  661.1 |
       Dungeon |   5707 |   5626 |     81 |    457 |   3582 |   8 |  713.4 |
        Temple |    242 |    156 |     86 |     41 |      0 |   1 |  242.0 |
               +--------+--------+--------+--------+--------+-----+--------+

Top non-repeatable levels by time:
     D:7: 1136 daAuts
     D:3: 836 daAuts
     D:2: 811 daAuts
     D:1: 712 daAuts
     D:5: 656 daAuts
     D:6: 634 daAuts
     D:4: 620 daAuts
     D:8: 299 daAuts
  Temple: 242 daAuts
